[Event "*** SCC Grand Prix: Titled Tuesday Blitz"]
[Site "Chess.com"]
[Date "2020.09.29"]
[Round "10"]
[White "Chessbard1972"]
[Black "chesslh19"]
[Result "1-0"]
[WhiteElo "2287"]
[BlackElo "2172"]
[TimeControl "180+1"]
[EndTime "11:55:55 PDT"]
[Termination "Chessbard1972 won on time"]

1. e4 e5 2. Nf3 Nf6 3. Bc4 Nxe4 4. d3 Nf6 5. Nxe5 d5 6. Bb3 Bd6 7. d4 O-O 8. O-O Nbd7 9. f4 c6 10. c4 dxc4 11. Bxc4 Nd5 12. Nc3 N7f6 13. Qb3 Qb6 14. Qxb6 axb6 15. Bd2 Bf5 16. Rae1 Nxc3 17. Bxc3 b5 18.
Bb3 Nd5 19. Bd2 Rfe8 20. h3 f6 21. g4 fxe5 22. fxe5 Bd3 23. Rf3 Bc4 24. exd6 Rxe1+ 25. Bxe1 Rd8 26. Bg3 h6 27. Bxc4 bxc4 28. Be5 Nf6 29. Bxf6 gxf6 30. Rxf6 Kg7 31. Re6 Kf7 32. Rxh6 b5 33.
Kf2 Ra8 34. a3 b4 35. axb4 Ra2 36. Rh7+ Ke8 37. Rc7 Rxb2+ 38. Ke3 Rb3+ 39. Ke4 Rxb4 40. Rxc6 Kd7 41. Ra6 c3 42. Kd3 c2 43. Kxc2 Rxd4 44. Kc3 Rf4 45. Kd2 Rf3 46. h4 Rg3 47. Ra4 Kxd6 48.
Ke2 Ke6 49. Kf2 1-0

[Event "*** SCC Grand Prix: Titled Tuesday Blitz"]
[Site "Chess.com"]
[Date "2020.09.29"]
[Round "10"]
[White "ClydeHillKid"]
[Black "ORS1984"]
[Result "0-1"]
[WhiteElo "2360"]
[BlackElo "2501"]
[TimeControl "180+1"]
[EndTime "11:55:56 PDT"]
[Termination "ORS1984 won by checkmate"]

1. e4 c5 2. Nf3 d6 3. d4 cxd4 4.
Nxd4 Nf6 5. Nc3 a6 6. Bd3 e6 7. O-O Be7 8. f4 Qc7 9. Be3 Nbd7 10. Qf3 h5 11. h3 b5 12. a3 Bb7 13. Rac1 Rc8 14.
Rfe1 h4 15. Bf2 g6 16. f5 gxf5 17. Nd5 Nxd5 18. Nxf5 exf5 19. exd5 Ne5 20. Qxf5 Bxd5 21. Bd4 Rg8 22. Re2 Qd7 23. Bxe5 dxe5 24. Qxe5 Rc6 25. Bf5 Be6 26. Bh7 Rc5 27. Qe3 Rg7 28. Qh6 Rcg5 29. Be4 Bd5 30. Bxd5 Qxd5 31. Qh8+ Rg8 32. Qxg8+ Rxg8 33. Rce1 Qc5+ 34. Kh2 Kf8 35. c3 Bd6+ 36. Kh1 Rg6 37. b4 Qg5 38. c4 Qg3 39. cxb5 Qh2# 0-1

[Event "*** SCC Grand Prix: Titled Tuesday Blitz"]
[Site "Chess.com"]
[Date "2020.09.29"]
[Round "10"]
[White "nitpicker"]
[Black "Ladislav1969"]
[Result "0-1"]
[WhiteElo "2229"]
[BlackElo "2348"]
[TimeControl "180+1"]
[EndTime "11:55:56 PDT"]
[Termination "Ladislav1969 won on time"]

1. d4 Nf6 2. c4 g6 3. Nc3 d5 4. Nf3 Bg7 5. Qb3 dxc4 6. Qxc4 Nfd7 7. e4 Nb6 8. Qc5 O-O 9. Be3 N8d7 10. Qa3 e5 11. Rd1 exd4 12. Bxd4 Bxd4 13. Rxd4 Qf6 14. Be2 Ne5 15. Qc5 Nxf3+ 16. Bxf3 c6 17. e5 Re8 18. Re4 Qe7 19. Qxe7 Rxe7 20. Re2 Bf5 21. Ne4 Bxe4 22. Rxe4 Rae8 23. O-O Rxe5 24. Rxe5 Rxe5 25. Rd1 Kf8 26. b3 Ke7 27. Kf1 Nd7 28. g3 Nc5 29.
Rd2 Re6 30. Rd4 f5 31. Rc4 b6 32. b4 Ne4 33. Bxe4 fxe4 34. Ke2 Kf6 35. Ke3 Kf5 36. h3 h5 37. Rd4 c5 38. bxc5 bxc5 39. Rd5+ Re5 40. Rd7 c4 41. Kd4 Ra5 42. Kxc4 Rxa2 43. Kb3 Ra5 0-1

[Event "*** SCC Grand Prix: Titled Tuesday Blitz"]
[Site "Chess.com"]
[Date "2020.09.29"]
[Round "10"]
[White "aljado"]
[Black "dominikaf"]
[Result "0-1"]
[WhiteElo "2072"]
[BlackElo "2298"]
[TimeControl "180+1"]
[EndTime "11:55:56 PDT"]
[Termination "dominikaf won by resignation"]

1. e4 e5 2. Nf3 Nc6 3. Bb5 a6 4. Ba4 Nf6 5. O-O Be7 6. Re1 b5 7. Bb3 O-O 8. d3 d6 9. c3 Na5 10. Bc2 c5 11. Nbd2 Nc6 12. Nf1 h6 13. Ng3 Re8 14. h3 Bf8 15. a4 b4 16. Be3 Be6 17.
d4 cxd4 18. cxd4 exd4 19. Nxd4 Nxd4 20. Bxd4 Rc8 21. Rc1 d5 22. e5 Nd7 23. Nf5 Nb6 24.
Qd3 g6 25. Ne3 Nc4 26. b3 Nxe3 27. Bxe3 Rc3 28. Qxa6 Qc7 29. Bd3 Bg7 30. Bb6 Qb8 31. Rxc3 bxc3 32. Bb5 Rc8 33. Ba7 Qa8 34. a5 c2 35. Rc1 Bxe5 36. Bd3 Rc6 37. Bb6 Qxa6 38. Bxa6 Bb2 39. Rxc2 Rxc2 40. Bb5 Be5 41. Be3 d4 42. Bxh6 Rc5 43. Ba4 Rxa5 0-1

[Event "*** SCC Grand Prix: Titled Tuesday Blitz"]
[Site "Chess.com"]
[Date "2020.09.29"]
[Round "10"]
[White "abykhovsky"]
[Black "Sibelephant"]
[Result "1-0"]
[WhiteElo "2754"]
[BlackElo "3024"]
[TimeControl "180+1"]
[EndTime "11:55:57 PDT"]
[Termination "abykhovsky won by resignation"]

1. d4 d5 2. Nf3 Nf6 3. c4 c6 4.
Nc3 a6 5. c5 Bf5 6. Bf4 Nbd7 7.
e3 Nh5 8. h3 Nxf4 9. exf4 g6 10. Bd3 Bxd3 11. Qxd3 Bg7 12. h4 b6 13. b4 a5 14. b5 Rc8 15. bxc6 Rxc6 16. O-O bxc5 17.
Nxd5 e6 18. Ne3 O-O 19. Rac1 Qa8 20. dxc5 Nxc5 21. Qe2 Ne4 22. Ne5 Rc3 23. h5 Rfc8 24.
Rcd1 R3c7 25. Rd4 Nc3 26. Qd2 Nb5 27. Rd7 gxh5 28. Rd1 Bxe5 29. fxe5 Nc3 30. Re1 Rxd7 31. Qxd7 h6 32. Qe7 Qe4 33. Qf6 Nd5 34. Qxh6 Nxe3 35. Rxe3 Rc1+ 36. Kh2 Qh7 37. Rg3+ Kh8 38. Qf8+ 1-0

[Event "*** SCC Grand Prix: Titled Tuesday Blitz"]
[Site "Chess.com"]
[Date "2020.09.29"]
[Round "10"]
[White "SHIVACalypso"]
[Black "chegueps"]
[Result "0-1"]
[WhiteElo "2360"]
[BlackElo "2485"]
[TimeControl "180+1"]
[EndTime "11:55:58 PDT"]
[Termination "chegueps won by resignation"]

1. Nf3 Nf6 2. c4 c5 3. g3 Nc6 4.
Bg2 d5 5. O-O d4 6. d3 Bf5 7. a3 h6 8. Nbd2 e6 9. Rb1 a5 10. Ne1 Be7 11. Nc2 O-O 12. b3 Qd7 13. Bb2 e5 14. f4 exf4 15. Rxf4 Bd6 16. Rf1 Rfe8 17. b4 axb4 18. axb4 Bh3 19. Rxf6 gxf6 20. Ne4 Be7 21. e3 Bxg2 22. Kxg2 f5 23. Nxc5 Bxc5 24.
bxc5 dxe3 25. Qh5 Ra2 26. Qxh6 Rxb2 27. Qg5+ Kf8 28. Qh6+ Ke7 29. Qxe3+ Kd8 30. Qg5+ Qe7 31. Qxe7+ Rxe7 32. Rxb2 Re2+ 33. Kf1 Rxh2 34. Ra2 Kd7 35. Nb4 Rh1+ 36. Kg2 Nxb4 37. Rb2 Nxd3 38. Rxb7+ Kc6 39.
Rxf7 Rh5 40. Rf6+ Kxc5 41. Kf3 Rg5 42. Rf8 Kxc4 43. Rd8 Rg4 44. Rd7 Ne5+ 0-1

[Event "*** SCC Grand Prix: Titled Tuesday Blitz"]
[Site "Chess.com"]
[Date "2020.09.29"]
[Round "10"]
[White "DrMamaliga"]
[Black "kleopl"]
[Result "1/2-1/2"]
[WhiteElo "2324"]
[BlackElo "2465"]
[TimeControl "180+1"]
[EndTime "11:55:58 PDT"]
[Termination "Game drawn by repetition"]

1. e4 d5 2. exd5 Qxd5 3. Nc3 Qd6 4. d4 Nf6 5. Nf3 c6 6. Ne5 Nbd7 7. Bf4 Nd5 8. Nxd5 cxd5 9. c3 Qe6 10. Be2 f6 11. Bg4 Qa6 12. Bxd7+ Bxd7 13. Qh5+ g6 14. Nxg6 Qe6+ 15. Be3 Qf7 16. Nf4 Qxh5 17. Nxh5 Kf7 18. Nf4 Bc6 19. Nd3 Bb5 20. Kd2 h5 21. Rae1 h4 22.
g3 hxg3 23. hxg3 Bg7 24. Nf4 Bc6 25. Nh5 e6 26. Nxg7 Kxg7 27. Bf4 Rxh1 28. Rxh1 Rh8 29. Re1 Bd7 30. b3 Rc8 31. Rc1 b5 32. Kd3 Be8 33. Kd2 Bg6 34. Ra1 Be8 35. a4 bxa4 36.
bxa4 Rc6 37. a5 Ra6 38. Kc2 Bb5 39. Bb8 Bc4 40. Kb2 Kf7 41. Ra4 Ke7 42. Bf4 Rc6 43. Rb4 a6 44. Rb7+ Ke8 45. Ka3 Bb5 46. Kb3 Bc4+ 47.
Kb4 Bd3 48. Rc7 Rxc7 49. Bxc7 Kd7 50. Bf4 Be2 51. Kc5 Bd3 52. Kb6 Bc4 53. Kc5 Bd3 54. Kb6 Bc4 55. Kc5 Bd3 1/2-1/2

[Event "*** SCC Grand Prix: Titled Tuesday Blitz"]
[Site "Chess.com"]
[Date "2020.09.29"]
[Round "10"]
[White "Zemerovv"]
[Black "Rubinstein_Akiba"]
[Result "0-1"]
[WhiteElo "2286"]
[BlackElo "2384"]
[TimeControl "180+1"]
[EndTime "11:55:58 PDT"]
[Termination "Rubinstein_Akiba won by resignation"]

1. g3 d5 2. Bg2 e5 3. d3 Nf6 4. h3 Be7 5. e3 O-O 6. Ne2 Be6 7.
g4 Qd7 8. Ng3 c5 9. Nd2 Nc6 10.
b3 a5 11. a4 Ne8 12. Bb2 Nd6 13. Nh5 g6 14. Ng3 Bh4 15. Nf3 Bxg3 16. fxg3 e4 17.
Ng5 Qe7 18. h4 f6 19. Nxe6 Qxe6 20. dxe4 Nxe4 21. Qf3 Nb4 22. Rc1 Na2 23. Rd1 Nb4 24. O-O Nxc2 25. h5 Rad8 26. h6 Ng5 27. Qf2 Nxe3 28.
Rfe1 Nxd1 29. Rxd1 Ne4 30. Qf4 Ng5 31. Qc7 Rd7 32.
Qxa5 Qxg4 33. Qxc5 Qxd1+ 34. Kh2 Nf3+ 35. Kh3 Ng5+ 36.
Kh2 Qh5+ 37. Kg1 Nf3+ 38. Kf2 Ne5 39. Bxd5+ Nf7 40. Bxf6 Qf5+ 41. Kg2 Qxd5+ 42. Qxd5 Rxd5 0-1

[Event "*** SCC Grand Prix: Titled Tuesday Blitz"]
[Site "Chess.com"]
[Date "2020.09.29"]
[Round "10"]
[White "kai_nov"]
[Black "Miss_JJ20"]
[Result "0-1"]
[WhiteElo "2284"]
[BlackElo "2463"]
[TimeControl "180+1"]
[EndTime "11:56:00 PDT"]
[Termination "Miss_JJ20 won by checkmate"]

1. d4 Nf6 2. c4 e6 3. Nc3 Bb4 4. f3 d5 5. a3 Bxc3+ 6. bxc3 c5 7. e3 O-O 8. cxd5 Nxd5 9. Bd2 Nc6 10. f4 cxd4 11. cxd4 b6 12. Nf3 Bb7 13. Bd3 h6 14. O-O Rc8 15. Qe2 Nf6 16. f5 exf5 17. Bxf5 Rc7 18.
Rac1 Re8 19. Qd3 Qd5 20. Be1 Rce7 21. Bf2 Na5 22. Rfe1 Ne4 23. Bxe4 Rxe4 24. Bg3 Nc6 25. h3 Ne7 26. Kh2 Nf5 27. Bf4 g5 28. Be5 R4xe5 29. e4 Rxe4 30. Rxe4 Rxe4 31. Rc7 Qd6+ 32. Kh1 Qxc7 33.
d5 Qc1+ 34. Kh2 Qf4+ 35. Kh1 Ng3+ 36. Kg1 Ne2+ 37. Kf2 Qg3+ 38. Kf1 Re8 39. d6 Nf4 40. d7 Qxg2# 0-1

[Event "*** SCC Grand Prix: Titled Tuesday Blitz"]
[Site "Chess.com"]
[Date "2020.09.29"]
[Round "10"]
[White "shineatchess"]
[Black "OlaaLa"]
[Result "1/2-1/2"]
[WhiteElo "2195"]
[BlackElo "2290"]
[TimeControl "180+1"]
[EndTime "11:56:00 PDT"]
[Termination "Game drawn by repetition"]

1. e4 c5 2. Nf3 a6 3. c3 d5 4.
exd5 Qxd5 5. d4 Nc6 6. Be3 cxd4 7. Nxd4 e5 8. Nxc6 Qxd1+ 9. Kxd1 bxc6 10. Nd2 Bd6 11. Nc4 Bc7 12. Bb6 Bb8 13. Bc5 Ne7 14.
Nb6 Ba7 15. Nxa8 Bxc5 16. Nc7+ Kd8 17. Nxa6 Bxf2 18. Kc2 Nd5 19. Nb4 Nxb4+ 20. cxb4 Be6 21. b5 cxb5 22. Bxb5 Kc7 23. b3 Kb6 24. Bd3 Rc8+ 25. Kd2 Bd4 26. Rac1 Ra8 27. Rc2 f5 28. Rf1 g6 29. g4 e4 30. Bc4 Bxc4 31. bxc4 Rf8 32. gxf5 gxf5 33. c5+ Kc6 34. Rb1 f4 35. Rb6+ Kd5 36.
Rb7 Be3+ 37. Ke2 Rg8 38. c6 Rg2+ 39. Kd1 Rg1+ 40. Ke2 Rg2+ 41. Kd1 Rg1+ 42. Ke2 Rg2+ 1/2-1/2

[Event "*** SCC Grand Prix: Titled Tuesday Blitz"]
[Site "Chess.com"]
[Date "2020.09.29"]
[Round "10"]
[White "Kira170"]
[Black "tsvet2005"]
[Result "0-1"]
[WhiteElo "2767"]
[BlackElo "2656"]
[TimeControl "180+1"]
[EndTime "11:56:01 PDT"]
[Termination "tsvet2005 won by resignation"]

1. d4 d5 2. Bf4 c5 3. e3 Nc6 4.
Nc3 cxd4 5. exd4 Bf5 6. Qd2 e6 7. f3 Bd6 8. Nge2 Nf6 9. g4 Bg6 10. h4 h6 11. Bxd6 Qxd6 12. Nf4 Bh7 13. g5 Nd7 14. Bh3 O-O-O 15. O-O-O Kb8 16. Rhe1 Rhe8 17. Nb5 Qb4 18. Qxb4 Nxb4 19. g6 Bxg6 20. Nxg6 fxg6 21.
Rxe6 Rxe6 22. Bxe6 Nf8 23. Bh3 Nxa2+ 24. Kb1 Nb4 25. c3 Nc6 26. c4 a6 27. Nc3 dxc4 28. d5 Ne5 29. f4 Nd3 30. f5 Nf2 31. Rf1 Nxh3 32. Rf3 gxf5 33. Rxh3 b5 34. Re3 Ng6 35. Re6 Nf4 36. Rxa6 Nxd5 37. Nxb5 f4 38. Rg6 f3 39. Rxg7 Rf8 40. Nd4 f2 41. Nc6+ Kc8 42. Na7+ Kd8 43. Nc6+ Ke8 44. Ka2 f1=Q 0-1

[Event "*** SCC Grand Prix: Titled Tuesday Blitz"]
[Site "Chess.com"]
[Date "2020.09.29"]
[Round "10"]
[White "AlexOstrovskiy"]
[Black "elohunter1999"]
[Result "1-0"]
[WhiteElo "2753"]
[BlackElo "2516"]
[TimeControl "180+1"]
[EndTime "11:56:03 PDT"]
[Termination "AlexOstrovskiy won by resignation"]

1. d4 Nf6 2. Bf4 d5 3. e3 c5 4. dxc5 Nc6 5. Bb5 e6 6. b4 a5 7. c3 Ne4 8. f3 Nf6 9. Nd2 Bd7 10.
a3 Be7 11. Ne2 Nh5 12. O-O Nxf4 13. Nxf4 Bf6 14. Qb3 O-O 15. Rfd1 axb4 16. axb4 Rxa1 17. Rxa1 d4 18. Ne4 dxe3 19. Rd1 Be5 20. Nd3 Bc7 21. Qb2 f5 22. Nd6 f4 23. Bxc6 Bxc6 24. Ne5 Qg5 25. c4 Ba4 26. Ra1 Be8 27. Qd4 Bh5 28. b5 h6 29. b6 Bb8 30. Nd7 Bxf3 31. Ra2 e2 32. Qf2 Qxg2+ 33. Qxg2 e1=Q+ 34. Qf1 Qe3+ 35. Qf2 Qc1+ 36. Qf1 Qe3+ 37. Qf2 Qxf2+ 38. Rxf2 Bc6 39. Nxf8 Kxf8 40. Rxf4+ Ke7 41. Rf7+ Kd8 42. Rxg7 Bxd6 43. cxd6 e5 44. c5 1-0

[Event "*** SCC Grand Prix: Titled Tuesday Blitz"]
[Site "Chess.com"]
[Date "2020.09.29"]
[Round "10"]
[White "jacky72"]
[Black "kreonx"]
[Result "1-0"]
[WhiteElo "2574"]
[BlackElo "2353"]
[TimeControl "180+1"]
[EndTime "11:56:03 PDT"]
[Termination "jacky72 won on time"]

1. e3 c6 2. Qe2 d5 3. Kd1 e5 4. Qe1 f5 5. d4 exd4 6. exd4+ Be7 7. Nf3 Nf6 8. Bd3 O-O 9. Bg5 Re8 10. Ne5 Ne4 11.
Bxe7 Qxe7 12. f3 Nd6 13. c3 Nd7 14. Nxd7 Qxd7 15. Qh4 Qf7 16. Nd2 h6 17. Kc2 f4 18.
g4 fxg3 19. hxg3 Bf5 20. Bxf5 Nxf5 21. Qf4 Ne3+ 22. Kb3 Qxf4 23. gxf4 Kf7 24. Rag1 Nf5 25. Nf1 Re2 26. Ng3 Nxg3 27. Rxg3 Re6 28. Rhg1 Rg8 29.
Kc2 Rf6 30. Rg4 g6 31. Rh1 h5 32. Rgh4 Re8 33. R1h2 Re3 34. Rf2 Rf5 35. Kd2 Re8 36.
b3 b5 37. Rg2 Kf6 38. Rg1 Kf7 39. Rg5 Kf6 40. Rg1 Re6 41. Ra1 a5 42. a4 b4 43.
cxb4 axb4 44. a5 Re8 45. a6 Ra8 46. a7 Ke6 47. Ra6 Kd6 48. Ke3 Rf6 49. Rh1 Kc7 50.
Rha1 Re8+ 51. Kf2 Ra8 52. R6a4 Rxf4 53. Rxb4 c5 54. Rc1 Rxa7 55. Rxc5+ Kd6 56. Rb6+ Ke7 57. Rxd5 Kf7 58. Rdd6 g5 59. Rh6 Re7 60. Rxh5 g4 61.
Kg3 Rxf3+ 62. Kxg4 Rd3 63. Rh7+ Ke8 64. Rb8+ Kd7 65.
Rb7+ Kc6 66. Rhxe7 Rxd4+ 67. Kf5 Rd5+ 68. Ke4 Rd1 69. Rec7+ Kd6 70. Rd7+ 1-0

[Event "*** SCC Grand Prix: Titled Tuesday Blitz"]
[Site "Chess.com"]
[Date "2020.09.29"]
[Round "10"]
[White "teacher4chess"]
[Black "VladaSviridova"]
[Result "0-1"]
[WhiteElo "1988"]
[BlackElo "2216"]
[TimeControl "180+1"]
[EndTime "11:56:03 PDT"]
[Termination "VladaSviridova won by checkmate"]

1. d4 d5 2. Nf3 Nf6 3. c4 c6 4. e3 Bf5 5. Bd3 Bxd3 6. Qxd3 e6 7. O-O Nbd7 8. a3 dxc4 9. Qxc4 Bd6 10. Nc3 O-O 11. e4 e5 12. Rd1 Qc7 13. d5 cxd5 14.
Qxc7 Bxc7 15. Nxd5 Nxd5 16. exd5 Bd6 17. Be3 a5 18. Rac1 Rac8 19. g4 b5 20. Rc6 Bb8 21.
Rdc1 Rcd8 22. Ra6 a4 23. d6 Nf6 24. Rcc6 Nxg4 25. Bg5 f6 26. Bd2 Kf7 27. Ba5 Rd7 28. Rab6 Nh6 29. Rxb5 Rxd6 30. Rb7+ Ke6 31. Rxd6+ Bxd6 32. Rxg7 Nf5 33. Rxh7 Rg8+ 34. Kf1 e4 35. Nh4 Nd4 36. Bc3 Be5 37. Ng2 Nf3 38. Bxe5 Kxe5 39. Rh5+ f5 40. Ne3 Rg1+ 41. Ke2 Re1# 0-1

[Event "*** SCC Grand Prix: Titled Tuesday Blitz"]
[Site "Chess.com"]
[Date "2020.09.29"]
[Round "10"]
[White "Legendinunknown"]
[Black "TimofeevAr"]
[Result "0-1"]
[WhiteElo "2648"]
[BlackElo "2849"]
[TimeControl "180+1"]
[EndTime "11:56:04 PDT"]
[Termination "TimofeevAr won by resignation"]

1. d4 d5 2. c4 dxc4 3. e4 Nf6 4. e5 Nd5 5. Bxc4 Nc6 6. Ne2 Be6 7. Bb3 Qd7 8. Nbc3 Nxc3 9. bxc3 Bxb3 10. axb3 e6 11.
O-O Be7 12. Ng3 O-O 13. Qg4 f5 14. exf6 Rxf6 15. Qe4 Qd5 16. Qxd5 exd5 17. Bg5 Re6 18. Bxe7 Nxe7 19. Rfd1 a5 20. c4 Rb6 21. Ra3 Rb4 22. Rc1 c6 23. Kf1 a4 24. bxa4 Rxc4 25. Rxc4 dxc4 26.
Ne4 b5 27. a5 b4 28. Ra4 Nd5 29. Nd2 c3 30. Nb3 Kf7 31. a6 Ke7 32. Ke2 Kd6 33.
Kd3 Kc7 34. Nc5 Kb6 35. Kc2 Kb5 36. Kb3 Ra7 37. Ra1 Nc7 38. Nd3 Rxa6 39. Rxa6 Nxa6 40.
Nxb4 Nxb4 41. Kxc3 Nd5+ 42. Kb3 Nf4 43. g3 Ne2 44. f4 Nxd4+ 45. Kc3 Nf3 46. Kb3 Nxh2 0-1

[Event "*** SCC Grand Prix: Titled Tuesday Blitz"]
[Site "Chess.com"]
[Date "2020.09.29"]
[Round "10"]
[White "Supernotar"]
[Black "Korchmar_Vasiliy"]
[Result "1-0"]
[WhiteElo "2783"]
[BlackElo "2559"]
[TimeControl "180+1"]
[EndTime "11:56:04 PDT"]
[Termination "Supernotar won on time"]

1. d4 Nf6 2. c4 g6 3. Nc3 d5 4. cxd5 Nxd5 5. e4 Nxc3 6. bxc3 Bg7 7. Nf3 O-O 8. Be3 c5 9. Qd2 b6 10. Be2 Bb7 11. d5 e6 12. Rd1 exd5 13. exd5 Nd7 14. O-O Nf6 15. c4 Ne4 16. Qc2 Re8 17. Bd3 Nd6 18.
Bf4 Bc8 19. Rfe1 Bg4 20. Rxe8+ Nxe8 21. Be2 Nd6 22. h3 Bxf3 23. Bxf3 Bd4 24. Re1 Qf6 25. Bg3 h5 26. Qa4 h4 27. Bxd6 Qxd6 28. Qc6 Rd8 29. Qxd6 Rxd6 30. Re7 b5 31. cxb5 c4 32. Re4 Bb6 33.
Rxc4 Rd7 34. Kf1 Rc7 35. Rc6 Rxc6 36. dxc6 Kf8 37. Ke2 Ke7 38. Bd5 f6 39. f3 Kd6 40.
Be4 g5 41. Kd3 Kc7 42. Kc4 Bf2 43. a4 Be3 44. Bc2 Bf2 45. Kd5 Be3 46. Ke4 Bf2 47. Kf5 Bd4 48. f4 gxf4 49. Kxf4 Bf2 50. Kf5 Bd4 51. Kg6 Be5 52. Bd1 Bd4 53. Kh5 Bf2 54.
Kg4 Be1 55. Kf3 Bd2 56. Be2 Bc3 57. g3 Be1 58. gxh4 Bxh4 59. Kg4 Be1 60. h4 Bd2 61.
Kf5 1-0

[Event "*** SCC Grand Prix: Titled Tuesday Blitz"]
[Site "Chess.com"]
[Date "2020.09.29"]
[Round "10"]
[White "catzapto"]
[Black "Klavdia_Nik"]
[Result "1-0"]
[WhiteElo "2074"]
[BlackElo "2159"]
[TimeControl "180+1"]
[EndTime "11:56:05 PDT"]
[Termination "catzapto won by resignation"]

1. e4 g6 2. Nf3 Bg7 3. d4 c6 4. Be2 d6 5. O-O Nf6 6. e5 Nd5 7. c4 Nc7 8. exd6 Qxd6 9. Nc3 O-O 10. Be3 Bg4 11. h3 Bxf3 12. Bxf3 e6 13. Ne4 Qd8 14.
c5 Nd5 15. Nd6 Qe7 16. Bxd5 exd5 17. Re1 b5 18. Qf3 Qh4 19. g3 Qxh3 20. Bg5 f6 21.
Bf4 Qd7 22. Re2 a5 23. Rae1 Ra7 24. Qe3 Qh3 25. Qd2 a4 26. f3 Rd7 27. Rh2 Qxh2+ 28.
Qxh2 Na6 29. Bh6 Nc7 30. Bxg7 Kxg7 31. Qe2 h5 32. Qe7+ Rxe7 33. Rxe7+ Kh6 34. Rxc7 Kg5 35. Rxc6 h4 36. gxh4+ Kxh4 37. Rb6 g5 38. c6 1-0

[Event "*** SCC Grand Prix: Titled Tuesday Blitz"]
[Site "Chess.com"]
[Date "2020.09.29"]
[Round "10"]
[White "Bulldog167"]
[Black "SilviusTiberius"]
[Result "0-1"]
[WhiteElo "2782"]
[BlackElo "2657"]
[TimeControl "180+1"]
[EndTime "11:56:06 PDT"]
[Termination "SilviusTiberius won on time"]

1. e4 c5 2. Ke2 Nc6 3. d3 Nf6 4. g3 d5 5. f3 h5 6. h4 dxe4 7. dxe4 Qb6 8. c3 Ne5 9. Kf2 Be6 10. Qa4+ Bd7 11. Qb3 Qc7 12. Bf4 O-O-O 13. Nd2 Be6 14. Qc2 g6 15. Nc4 Nfd7 16. Ne3 Bh6 17. Bxh6 Rxh6 18.
Nh3 c4 19. Nf4 Nc5 20. Nxe6 fxe6 21. Nxc4 Ncd3+ 22. Kg2 Qxc4 23. Rd1 Rhh8 24. Be2 Rd6 25. Rd2 Rhd8 26. Kh2 Qc5 27. Rf1 Qe3 28. Rfd1 Qf2+ 29. Kh3 Nxf3 30. Bxd3 Ng1+ 31. Rxg1 Qxg1 32. Rg2 Qh1+ 33.
Rh2 Qf3 34. Be2 Qe3 35. Bc4 Rd2 36. Bxe6+ Kc7 37. Rxd2 Rxd2 38. Qa4 Qe2 39. Qa5+ Kd6 40. Qd8+ Kxe6 41. Qc8+ Kf7 0-1

[Event "*** SCC Grand Prix: Titled Tuesday Blitz"]
[Site "Chess.com"]
[Date "2020.09.29"]
[Round "10"]
[White "RobPeresian"]
[Black "PotapovaM"]
[Result "0-1"]
[WhiteElo "2417"]
[BlackElo "2572"]
[TimeControl "180+1"]
[EndTime "11:56:06 PDT"]
[Termination "PotapovaM won on time"]

1. Nf3 Nf6 2. c4 e6 3. Nc3 d5 4. d4 Bb4 5. cxd5 exd5 6. Bg5 h6 7. Bh4 O-O 8. e3 Bf5 9. Be2 c6 10. Qb3 Bxc3+ 11. bxc3 g5 12. Qxb7 gxh4 13. Qxa8 Qc7 14.
Nxh4 Bh7 15. O-O Nbd7 16. Qxf8+ Nxf8 17. c4 Ne6 18. Rfc1 Qb7 19. cxd5 Nxd5 20. Bf3 Qb2 21. Bxd5 cxd5 22. Nf3 Ng5 23. Ne5 Ne4 24. f3 Nc3 25. Kh1 f6 26. Nd7 Kf7 27. Nc5 h5 28. Rf1 h4 29. Rae1 Qd2 30. h3 a5 31. Kh2 Nxa2 32.
Nb3 Qb4 33. Nc1 Nxc1 34. Rxc1 a4 35. Rc7+ Kg6 36. Rfc1 a3 37. Ra7 Qb8+ 38. Rcc7 a2 39. f4 Qxc7 40. Rxc7 a1=Q 0-1

[Event "*** SCC Grand Prix: Titled Tuesday Blitz"]
[Site "Chess.com"]
[Date "2020.09.29"]
[Round "10"]
[White "PlotnikovPavel"]
[Black "Fh2411"]
[Result "0-1"]
[WhiteElo "2379"]
[BlackElo "2533"]
[TimeControl "180+1"]
[EndTime "11:56:06 PDT"]
[Termination "Fh2411 won by checkmate"]

1. e4 c6 2. d4 d5 3. e5 Bf5 4. h4 h5 5. Bd3 Bxd3 6. Qxd3 e6 7. Bg5 Qa5+ 8. Nd2 Qa6 9. c4 Ne7 10. Ngf3 Nf5 11. O-O Nd7 12. a3 Nb6 13.
Rac1 Be7 14. Qb3 Rd8 15. c5 Nc8 16. Qa2 Bxg5 17. hxg5 Nce7 18. b4 Qd3 19. Qb2 Ng6 20.
Rc3 Qa6 21. a4 Qxa4 22. Ra1 Qb5 23. Rxa7 Nf4 24. Rca3 Qe2 25. Qb1 Nxd4 26. Rxb7 O-O 27. Nxd4 Qxd2 28. Nf3 Qe2 29. Re3 Qa6 30. Rb6 Qa4 31.
Qe1 Ng6 32. Nd4 Rc8 33. Nxc6 Rxc6 34. b5 Rxb6 35. cxb6 Qxb5 36. Qa1 Qxb6 37. Qe1 Rc8 38. g3 Qb2 39. Kg2 h4 40. Qa5 hxg3 41. Kxg3 Qc2 42.
Qa6 Rf8 43. Qd6 Qf5 44. Rf3 Qxg5+ 45. Kh2 Qxe5+ 46. Qxe5 Nxe5 47. Re3 Ng4+ 48. Kg3 Nxe3 49. fxe3 Rc8 50. Kf4 Rc4+ 51. Kf3 Re4 52. Ke2 f5 53. Kd3 g5 54. Ke2 Kg7 55. Kf2 Kf6 56. Kf3 Ke5 57. Ke2 d4 58. Kd3 Rxe3+ 59. Kd2 f4 60. Kd1 f3 61.
Kd2 f2 62. Kd1 f1=Q+ 63. Kd2 Qf2+ 64. Kd1 Re1# 0-1

[Event "*** SCC Grand Prix: Titled Tuesday Blitz"]
[Site "Chess.com"]
[Date "2020.09.29"]
[Round "10"]
[White "mjray79"]
[Black "night_player"]
[Result "0-1"]
[WhiteElo "2414"]
[BlackElo "2292"]
[TimeControl "180+1"]
[EndTime "11:56:06 PDT"]
[Termination "night_player won by resignation"]

1. d4 d5 2. c4 e6 3. Nf3 Nf6 4. g3 dxc4 5. Bg2 c5 6. O-O Nc6 7. Qa4 Qb6 8. Qxc4 Nxd4 9. Nxd4 cxd4 10. Rd1 Bc5 11. Nd2 d3 12. e3 O-O 13. Qxd3 Rd8 14. Qe2 Bd7 15. Nc4 Qa6 16. b3 Bb5 17. Bb2 Nd5 18.
Qg4 Bf8 19. a4 Bc6 20. e4 Nb4 21. Ne5 Be8 22. Rdc1 Nd3 23. Nxd3 Rxd3 24. Bf1 Qd6 25. Bxd3 Qxd3 26. Bc3 Bc6 27. b4 Bxe4 28. Rd1 Qf3 29. Qxf3 Bxf3 30. Rd3 Be4 31. Rd4 Bd5 32. Kf1 Rc8 33.
Rc1 Be7 34. Ke2 Bf6 35. Rd3 Bc4 36. Kd2 Bxd3 37. Kxd3 Bxc3 38. Rxc3 Rxc3+ 39. Kxc3 Kf8 40. Kc4 Ke7 41. Kc5 Kd7 42. b5 Kc7 43. a5 b6+ 44. axb6+ axb6+ 45. Kc4 Kd6 46. Kd4 e5+ 47. Kc4 f5 48. f3 g5 49. Kd3 Kd5 50. Ke3 Kc5 51. h4 h6 52. hxg5 hxg5 53. f4 gxf4+ 54. gxf4 e4 0-1

[Event "*** SCC Grand Prix: Titled Tuesday Blitz"]
[Site "Chess.com"]
[Date "2020.09.29"]
[Round "10"]
[White "Unknown_IM"]
[Black "BogdanDeac"]
[Result "0-1"]
[WhiteElo "2347"]
[BlackElo "2864"]
[TimeControl "180+1"]
[EndTime "11:56:07 PDT"]
[Termination "BogdanDeac won by checkmate"]

1. e4 c6 2. d4 d5 3. exd5 cxd5 4. Bd3 Nc6 5. c3 Qc7 6. Ne2 Bg4 7. O-O e6 8. Qe1 Bxe2 9. Qxe2 Bd6 10. h3 Nge7 11. Bg5 Ng6 12. Nd2 Nf4 13. Bxf4 Bxf4 14. Nb3 h5 15. Nc5 Bd6 16. Nxe6 fxe6 17. Qxe6+ Ne7 18. Bb5+ Kd8 19. Rfe1 a6 20. Ba4 b5 21. Bb3 Qd7 22. Bxd5 Qxe6 23. Rxe6 Kd7 24. Rxd6+ Kxd6 25. Bxa8 Rxa8 26.
Re1 Nd5 27. Re5 g6 28. g3 Rc8 29. a3 Nb6 30. Rg5 Rg8 31. f4 Nc4 32. f5 Nxb2 33.
fxg6 Nc4 34. g4 h4 35. g7 Nxa3 36. Rg6+ Kd5 37. Rxa6 Nb1 38. Ra7 Nxc3 39. Kf2 Kxd4 40. Ke1 Nd5 41. Rb7 Kc5 42. Kd2 Nf4 43. Rf7 Nxh3 44. Rf5+ Kc4 45. Rh5 Rxg7 46. Rxh4 Ng5 47. Rh5 Ne4+ 48. Kc2 Rxg4 49. Rh8 Rg2+ 50. Kc1 Nc3 51.
Rc8+ Kb3 52. Rc4 Rg1+ 53. Kd2 bxc4 54. Ke3 Na4 55. Kd2 c3+ 56. Ke3 Rd1 57. Ke2 c2 58. Ke3 c1=Q+ 59. Ke2 Rd4 60. Kf3 Qc3+ 61. Ke2 Rd2+ 62.
Ke1 Nb2 63. Kf1 Nc4 64. Ke1 Kc2 65. Kf1 Kd3 66. Kg1 Ke3 67. Kh1 Rf2 68. Kg1 Ne5 69. Kh1 Ng6 70. Kg1 Nh4 71. Kh1 Nf5 72. Kg1 Qg7+ 73.
Kh1 Ng3+ 74. Kg1 Ne2+ 75. Kh1 Qg1# 0-1

[Event "*** SCC Grand Prix: Titled Tuesday Blitz"]
[Site "Chess.com"]
[Date "2020.09.29"]
[Round "10"]
[White "Kotofeyca"]
[Black "szefru"]
[Result "1-0"]
[WhiteElo "2347"]
[BlackElo "2166"]
[TimeControl "180+1"]
[EndTime "11:56:09 PDT"]
[Termination "Kotofeyca won by resignation"]

1. d4 Nf6 2. c4 g6 3. f3 Bg7 4. e4 d6 5. Nc3 O-O 6. Be3 c5 7. dxc5 dxc5 8. Qxd8 Rxd8 9. Bxc5 Nc6 10. Nd5 e6 11.
Ne7+ Nxe7 12. Bxe7 Re8 13. Ba3 b6 14. O-O-O Ba6 15.
b3 Rac8 16. Kb1 Red8 17. Be2 Rxd1+ 18. Bxd1 b5 19. cxb5 Bxb5 20. Be2 Bc6 21. Ba6 Rd8 22.
Ne2 Ne8 23. Bc1 Nc7 24. Bc4 Nb5 25. Kc2 f5 26. exf5 gxf5 27. Rd1 Re8 28. a4 Nc7 29. Nf4 Kf7 30. Rd6 Bd5 31. Rd7+ Re7 32. Rxe7+ Kxe7 33. Ba3+ Kd7 34. Nxd5 exd5 35. Bd3 Ke6 36. Bc5 Be5 37. Bxa7 Bxh2 38. b4 h5 39. b5 Ne8 40. a5 Bc7 41. b6 Bd6 42. a6 h4 43. b7 1-0